 Dungeon Crawl Stone Soup version 0.30-a0-852-g08b95dd62f (webtiles) character file.

Game seed: 1298717263630455660

5601 Demosthentine the Trooper (level 10, -6/79 HPs)
             Began as a Demonspawn Gladiator on Mar 4, 2023.
             Was an Initiate of Gozag.
             Mangled by Gastronok (27 damage)
             ... on level 9 of the Dungeon.
             The game lasted 00:07:39 (6983 turns).

Demosthentine the Trooper (Demonspawn Gladiator)    Turns: 6983, Time: 00:07:39

Health: -6/79      AC: 15    Str: 18    XL:     10   Next: 45%
Magic:  10/10      EV: 15    Int:  9    God:    Gozag
Gold:   918        SH:  5    Dex: 16    Spells: 9/9 levels left

rFire   . . .      SeeInvis .    a - +1 trident
rCold   . . .      Faith    .    p - +0 buckler
rNeg    . . .      Spirit   .    b - +0 leather armour
rPois   .          Reflect  .    c - +1 helmet
rElec   .          Rampage  .    (no cloak)
rCorr   .                        k - +0 pair of gloves
Will    .....                    o - +0 pair of boots
Stlth   +                        u - amulet of the acrobat
HPRegen 0.33/turn                r - +4 ring of protection
MPRegen 0.12/turn                (no ring)

@: on berserk cooldown, slowed, very slow
A: thin metallic scales 2, ignite blood 2, spiny 2, demonic touch 1
a: Renounce Religion, Potion Petition, Call Merchant, Bribe Branch


You were on level 9 of the Dungeon.
You worshipped Gozag.
Gozag was pleased with you.
You visited 2 branches of the dungeon, and saw 10 of its levels.

You collected 1038 gold pieces.
You paid 120 gold pieces to Gozag.

Inventory:

Hand Weapons
 a - a +1 trident (weapon)
Missiles
 d - a throwing net (quivered)
 e - a javelin
Armour
 b - a +0 leather armour (worn)
 c - a +1 helmet (worn)
 k - a +0 pair of gloves (worn)
 o - a +0 pair of boots (worn)
 p - a +0 buckler (worn)
Jewellery
 r - a +4 ring of protection (left hand)
 u - an amulet of the acrobat (around neck)
 A - a +6 ring of dexterity
 B - a ring of positive energy
Wands
 h - a wand of roots (5)
 w - a wand of acid (15)
Scrolls
 j - a scroll of teleportation
 n - 2 scrolls of fear
 v - a scroll of amnesia
 x - a scroll of enchant armour
 y - a scroll of blinking
 z - 3 scrolls of identify
 C - a scroll of brand weapon {unknown}
Potions
 f - 3 potions of invisibility
 g - a potion of flight
 i - 2 potions of brilliance
 l - a potion of berserk rage
 m - 2 potions of haste
 q - 4 potions of attraction
 t - 5 potions of curing


   Skills:
 + Level 7.5 Fighting
 + Level 7.2 Polearms
 - Level 1.7 Throwing
 + Level 6.5 Armour
 + Level 7.2 Dodging
 - Level 5.2 Shields


You had 9 spell levels left.
You didn't know any spells.
Your spell library contained the following spells:

 Spells                   Type           Power      Damage    Failure   Level
 Necrotise                Necr           0%         1d4       52%         1
 Sublimation of Blood     Necr           0%         N/A       67%         2
 Wereblood                Tmut           0%         N/A       67%         2
 Call Canine Familiar     Summ           0%         N/A       88%         3
 Ignite Poison            Fire/Tmut/Pois 0%         N/A       88%         3
 Portal Projectile        Hex/Tloc       0%         N/A       88%         3
 Summon Guardian Golem    Hex/Summ       0%         N/A       88%         3
 Vampiric Draining        Necr           0%         2d6       88%         3
 Leda's Liquefaction      Hex/Erth       0%         N/A       99%         4
 Petrify                  Tmut/Erth      0%         N/A       99%         4
 Sticky Flame             Conj/Fire      0%         2d3       99%         4
 Agony                    Necr           0%         N/A       100%        5
 Metabolic Englaciation   Hex/Ice        0%         N/A       100%        5
 Statue Form              Tmut/Erth      0%         N/A       100%        6
 Orb of Destruction       Conj           0%         9d5       100%        7
 Spellforged Servitor     Conj/Summ      0%         N/A       100%        7
 Summon Hydra             Summ           0%         N/A       100%        7
 Ignition                 Fire           0%         3d3       100%        8


Dungeon Overview and Level Annotations

Branches:
Dungeon (9/15)             Temple (1/1) D:7            Lair (0/5) D:9
    Orc: D:9-12

Altars:
Ashenzari
Cheibriados
Dithmenos
Gozag
Hepliaklqana
Kikubaaqudgha
Makhleb
Nemelex Xobeh
Okawaru
Qazlal
Ru
Sif Muna
Trog
Uskayaw
Vehumet
Wu Jian
Xom
Yredelemnul

Shops:
D:7 [

Annotations:
D:9 Gastronok
Temple 2 transporters


Innate Abilities, Weirdness & Mutations

You are mostly covered in thin metallic scales. (AC +3)
Your demonic aura often causes spilled blood to erupt in flames.
You are mostly covered in sharp spines.
Your touch may inflict minor irresistible damage on your foes.


Message History

Gastronok is heavily wounded.
Gastronok closely misses you.
You puncture Gastronok!
Gastronok is heavily wounded.
You hit Gastronok.
Gastronok is heavily wounded.
You are no longer berserk.
You are exhausted.
You feel as though you will be slow longer.
Gastronok is buffeted by a sudden breeze.
Gastronok is struck by your spines. Gastronok barely misses you.
You puncture Gastronok!
Gastronok is severely wounded.
You hit Gastronok.
Gastronok is severely wounded.
Gastronok is struck by your spines. Gastronok bites you.
You hit Gastronok.
Gastronok is severely wounded.
Gastronok is struck by your spines. Gastronok bites you!
You hit Gastronok but do no damage.
Gastronok is severely wounded.
Gastronok glows a brilliant shade of cerise.
You hit Gastronok.
Gastronok is severely wounded.
You hit Gastronok.
Gastronok is severely wounded.
Gastronok waves his eye-stalks in wide circles.
The air twists around and strikes you!
* * * LOW HITPOINT WARNING * * *
You hit Gastronok.
Gastronok is severely wounded.
Gastronok is struck by your spines. Gastronok bites you.
* * * LOW HITPOINT WARNING * * *
You puncture Gastronok!
Gastronok is almost dead.
You hit Gastronok.
Gastronok is almost dead.
Gastronok is struck by your spines. Gastronok bites you!!
You die...
Your body crumbles into a pile of gold.

###...............##....@w#
####...#.#.......#...##.##
#.###..###........#..w###### #.#
##.# #....#...#..#$..≈.. ## #.#
#.# #.#......#..r.#...# .#####.#
#.###.#......#...##P..# ...)...#
#..##.....##...#!......
#####..#####..###w.....#.#≈@.P>..
##..#........@....###.#....P$.
#....)####.###..#...#...##P.P#
#...#..###.# #..# ...... #K..#
#..###...#.###..# ....#...≈..
#..# ###.....#..# #..K###### #.##
####.....###.#.. ####.#
#####.#.........
)<)).#####...........#..
.)([..............####. . ....


You could see Gastronok.

Vanquished Creatures
  Psyche (D:9)
  2 wyverns (D:9)
  19 yaks
  2 steam dragons (D:7)
  An acid dragon (D:9)
  An ice beast (D:6)
  An orc warrior (D:8)
  2 black bears
  2 centaurs
  A bullfrog (D:6)
  2 kobold brigands
  5 wights (D:7)
  9 killer bees (D:8)
  4 howler monkeys (D:9)
  2 hounds
  2 orc priests
  A jelly (D:8)
  3 gnoll boudas
  A sleepcap (D:4)
  Jessica (D:3)
  An iguana (D:5)
  3 orc wizards
  Terence (D:3)
  9 gnolls
  4 adders
  5 white imps
  An ufetubus (D:4)
  A worm (D:3)
  A dart slug (D:2)
  15 orcs
  4 endoplasms
  A giant cockroach (D:2)
  7 goblins
  4 hobgoblins
  3 jackals (D:2)
  A quokka (D:1)
  10 ball pythons
  3 bats (D:2)
  3 frilled lizards
  19 kobolds
  A rat (D:3)
159 creatures vanquished.

Vanquished Creatures (others)
  A gnoll (D:7)
  6 fungi (D:9)
  6 plants (D:9)
13 creatures vanquished.

Grand Total: 172 creatures vanquished

Notes
Turn   | Place    | Note
-------+----------+-------------------------------------------
     0 | D:1      | Demosthentine the Demonspawn Gladiator began the quest for
                  | the Orb.
     0 | D:1      | Reached XP level 1. HP: 16/16 MP: 1/1
     6 | D:1      | Noticed a hound
     6 | D:1      | Noticed a snapping turtle
     6 | D:1      | Noticed a water moccasin
     7 | D:1      | Noticed a swamp drake
   664 | D:2      | Gained mutation: You are partially covered in thin metallic
                  | scales. (AC +2) [demonic ancestry]
   664 | D:2      | Reached XP level 2. HP: 22/22 MP: 2/2
   774 | D:2      | Reached skill level 1 in Armour
   918 | D:2      | Gained mutation: Your touch may inflict minor irresistible
                  | damage on your foes. [demonic ancestry]
   918 | D:2      | Reached XP level 3. HP: 23/28 MP: 3/3
  1167 | D:3      | Noticed Jessica
  1177 | D:3      | Killed Jessica
  1239 | D:3      | Gained mutation: You are partially covered in sharp spines.
                  | [demonic ancestry]
  1239 | D:3      | Reached XP level 4. HP: 34/34 MP: 4/4
  1303 | D:3      | Noticed Terence
  1310 | D:3      | Killed Terence
  1919 | D:3      | Found a radiant altar of Vehumet.
  1919 | D:3      | Found a bloodstained altar of Trog.
  2249 | D:4      | Gained mutation: Your demonic aura sometimes causes spilled
                  | blood to erupt in flames. [demonic ancestry]
  2249 | D:4      | Reached XP level 5. HP: 37/41 MP: 5/5
  2285 | D:4      | Identified the +9 war axe of Dim Light {drain, Will+ Str+2}
  2369 | D:4      | Reached skill level 1 in Shields
  2876 | D:5      | Entered Level 5 of the Dungeon
  2876 | D:5      | You fall into a shaft and drop 1 floor!
  2880 | D:6      | Noticed an ice beast
  2893 | D:6      | Killed an ice beast
  2894 | D:6      | Gained mutation: You are mostly covered in sharp spines.
                  | [demonic ancestry]
  2894 | D:6      | Reached XP level 6. HP: 37/47 MP: 6/6
  3033 | D:6      | Reached XP level 7. HP: 45/53 MP: 7/7
  3213 | D:5      | Identified the +1 robe of the Depths {Harm rElec rCorr}
  3298 | D:5      | Identified the +1 robe of Disguise {SInv}
  3299 | D:5      | Found a shadowy altar of Dithmenos.
  3896 | D:7      | Found a staircase to the Ecumenical Temple.
  3912 | Temple   | Entered the Ecumenical Temple
  3912 | Temple   | Found a transporter.
  3912 | Temple   | Found a transporter.
  3937 | Temple   | Found a transporter.
  3937 | Temple   | Found a transporter.
  3956 | Temple   | Became a worshipper of Gozag Ym Sagoz the Greedy
  4001 | D:7      | Found Cheibriados's Comfort Zone.
  4005 | D:7      | Found a snail-covered altar of Cheibriados.
  4087 | D:7      | Identified the +1 scale mail of Inference {Will- Str+6}
  4131 | D:7      | Noticed a steam dragon
  4137 | D:7      | Killed a steam dragon
  4187 | D:7      | Noticed a yak
  4188 | D:7      | Noticed a yak
  4189 | D:7      | Noticed a yak
  4226 | D:7      | Reached XP level 8. HP: 55/61 MP: 8/8
  4253 | D:7      | Reached skill level 5 in Fighting
  4253 | D:7      | Reached skill level 5 in Polearms
  4253 | D:7      | Reached skill level 5 in Dodging
  5079 | D:8      | Gained mutation: You are mostly covered in thin metallic
                  | scales. (AC +3) [demonic ancestry]
  5079 | D:8      | Reached XP level 9. HP: 47/68 MP: 9/9
  5095 | D:8      | Reached skill level 5 in Armour
  5605 | D:8      | Reached skill level 5 in Shields
  6490 | D:9      | Gained mutation: Your demonic aura often causes spilled
                  | blood to erupt in flames. [demonic ancestry]
  6490 | D:9      | Reached XP level 10. HP: 75/77 MP: 10/10
  6626 | D:9      | Noticed Psyche
  6631 | D:9      | Found a staircase to the Lair.
  6651 | D:9      | Noticed Gastronok
  6904 | D:9      | Killed Psyche
  6983 | D:9      | Mangled by Gastronok

Illustrated notes

Levels and vault maps discovered:
D:1:      onia_arrival_zoo_common, layout_loops_cross
D:2:      layout_rooms
D:3:      layout_basic, mainiacjoe_overflow_large_starburst, uniq_jessica,
          uniq_terence
D:4:      layout_gridville
D:5:      layout_gridville, mainiacjoe_overflow_cross_hatched
D:6:      layout_loops_cross
D:7:      layout_gridville, minmay_temple_entry_trees, minmay_shop_chei
D:8:      layout_loops_corners
D:9:      layout_rooms, dpeg_oklobed_lair, uniq_gastronok, uniq_psyche
Temple:   hellmonk_temple_divided_pantheon

Skill      XL: |  1  2  3  4  5  6  7  8  9 10 |
---------------+-------------------------------+-----
Polearms       | 3 4 5 6 7 |  7.2
Armour         | 1 2 3 4 5 6 |  6.5
Dodging        | 3 4 5 6 7 |  7.2
Fighting       | 3 4 5 6 7 |  7.5
Shields        | 1 2 3 4 5 |  5.2
Throwing       | |  1.7

Action                     |  1- 3 |  4- 6 |  7- 9 | 10-12 || total
---------------------------+-------+-------+-------+-------++-------
  Melee: Trident           |    89 |    96 |   244 |    91 ||   520
         Touch             |     1 |    16 |    37 |       ||    54
         Punch             |       |       |     2 |       ||     2
  Throw: Throwing net      |       |     2 |       |     1 ||     3
    Use: Scroll            |     6 |     3 |     5 |       ||    14
         Potion            |       |       |     5 |     2 ||     7
   Stab: Sleeping          |       |     1 |     1 |       ||     2
         Held in net/web   |       |     1 |       |       ||     1
 Armour: Leather armour    |    30 |    22 |    74 |    11 ||   137
         Skin              |       |       |       |     2 ||     2
  Dodge: Dodged            |    38 |    45 |   118 |    27 ||   228
  Block: Buckler           |       |       |     7 |    16 ||    23

Table legend: (Time is in decaauts)
 A = Elapsed time spent in this place.
 B = Non-inter-level travel time spent in this place.
 C = Inter-level travel time spent in this place.
 D = Time resting spent in this place.
 E = Time spent auto-exploring this place.
 F = Levels seen in this place.
 G = Mean time per level.
                   A        B        C        D        E       F      G
               +--------+--------+--------+--------+--------+-----+--------+
         Total |   7028 |   6798 |    230 |    113 |   5399 |  10 |  702.8 |
       Dungeon |   6971 |   6741 |    230 |    113 |   5370 |   9 |  774.6 |
        Temple |     57 |     57 |      0 |      0 |     29 |   1 |   57.0 |
               +--------+--------+--------+--------+--------+-----+--------+

Top non-repeatable levels by time:
     D:8: 1569 daAuts
     D:7: 1063 daAuts
     D:3: 975 daAuts
     D:4: 789 daAuts
     D:6: 717 daAuts
     D:1: 644 daAuts
     D:2: 486 daAuts
     D:9: 413 daAuts
     D:5: 310 daAuts
  Temple: 57 daAuts
